 Dungeon Crawl Stone Soup version 0.19-a0-967-ga3cd88f (webtiles) character file.

22 JInAPerfectWorld the Sneak (level 2, -5/19 HPs)
             Began as a Vampire Enchanter on July 12, 2016.
             Slain by an ice beast (7 damage)
             ... on level 4 of the Dungeon.
             The game lasted 00:11:22 (650 turns).

JInAPerfectWorld the Sneak (Vampire Enchanter)       Turns: 650, Time: 00:11:23

Health: -5/19      AC:  9    Str:  7    XL:     2   Next: 68%
Magic:  4/5        EV: 13    Int: 17    God:
Gold:   56         SH:  0    Dex: 14    Spells: 2 memorised, 2 levels left

rFire  . . .     SeeInvis +     r - +1 dagger (speed)
rCold  . . .     Gourm    .     b - +1 robe
rNeg   . . .     Faith    .     (no shield)
rPois  .         Spirit   .     (no helmet)
rElec  .         Dismiss  .     (no cloak)
rCorr  .         Reflect  .     m - +2 pair of gloves
SustAt .         Harm     .     p - +2 pair of boots {Fly}
MR     .....                    (no amulet)
Stlth  +++.......               (no ring)
                                k - ring of wizardry

@: flying, regenerating quickly, not resistant to hostile enchantments, fairly
stealthy
A: fangs 3, see invisible, unbreathing
a: Stop Flying


You were on level 4 of the Dungeon.
You were very full.

You visited 1 branch of the dungeon, and saw 4 of its levels.

You collected 56 gold pieces.

Inventory:

Hand Weapons
 a - a +1 dagger
 j - a +1 short sword of draining
 r - a +1 dagger of speed (weapon)
Missiles
 g - 7 needles of sleeping
 l - 71 stones (quivered)
 q - 3 tomahawks of returning
Armour
 b - a +1 robe (worn)
 f - a +0 pair of gloves
 m - a +2 pair of gloves (worn)
 o - a +0 pair of gloves
 p - a +2 pair of boots of flying (worn)
 t - a +0 pair of boots
Jewellery
 k - a ring of wizardry (left hand)
Scrolls
 d - a scroll of enchant armour {unknown}
 i - a scroll of remove curse {unknown}
 n - 2 scrolls of identify {unknown}
Potions
 e - a potion of beneficial mutation {unknown}
 h - a potion of cure mutation {unknown}
 s - a potion of mutation {unknown}
 u - 2 potions of haste {unknown}
Books
 c - a book of Maledictions

   Spells                             Type                      Level
   a - Corona                         Hexes                        1
   b - Ensorcelled Hibernation        Hexes/Ice                    2
   c - Confuse                        Hexes                        3
   d - Tukima's Dance                 Hexes                        3
   e - Dazzling Spray                 Conjuration/Hexes            3


   Skills:
 - Level 1.1 Short Blades
 - Level 2.4 Dodging
 - Level 5.1 Stealth
 - Level 2.0 Spellcasting
 - Level 4.8 Hexes
 * Level 0.8 Ice Magic


You had 2 spell levels left.
You knew the following spells:

 Your Spells              Type           Power        Failure   Level  Hunger
a - Corona                Hex            ###....      1%          1    #......
b - Ensorcelled Hibernat  Hex/Ice        ##....       4%          2    ###....


Dungeon Overview and Level Annotations

Branches:
Dungeon (4/15)
 Temple: D:4-7

Altars:


Innate Abilities, Weirdness & Mutations

Your natural rate of healing is unusually fast.
You have razor-sharp teeth.
You have supernaturally acute eyesight. (SInv)
You can survive without breathing.


Message History

The ball python looks drowsy...
The helpless ball python fails to defend itself.
You puncture the ball python!
You kill the ball python!
Found a scale mail.
Magic restored.
You see here a scale mail.
An ice beast comes into view.
The ice beast hits you. The ice beast freezes you!
Ouch! That really hurt!
* * * LOW HITPOINT WARNING * * *
Casting: Ensorcelled Hibernation
Confirm with . or Enter, or press ? or * to list all spells.
Aiming: Corona
Press: ? - help, Shift-Dir - straight line, f - ice beast
Aim: an ice beast (chance to defeat MR: 56%)
The ice beast is outlined in light.
The ice beast hits you.
* * * LOW HITPOINT WARNING * * *
The ice beast freezes you!
You die...

#.##
###########.#
#...........#
#..........##
#...........#
#...........#
#...........##
#............#
#Y@..........#
##...........#
#...........#
#.....!......#
##.......###..#
#.....### #.#
#..#### .. ####


You could see an ice beast.

Vanquished Creatures
  A worm (D:3)
  A dart slug (D:1)
  An orc (D:3)
  2 ball pythons
  4 bats
  A giant cockroach (D:2)
  2 goblins
  A hobgoblin (D:2)
  2 kobolds
  A rat (D:3)
16 creatures vanquished.

Notes
Turn   | Place    | Note
-------+----------+-------------------------------------------
     0 | D:1      | JInAPerfectWorld the Vampire Enchanter began the quest for the Orb.
     0 | D:1      | Reached XP level 1. HP: 13/13 MP: 3/3
   208 | D:2      | Reached XP level 2. HP: 19/19 MP: 5/5
   288 | D:2      | Learned a level 2 spell: Ensorcelled Hibernation
   401 | D:3      | Reached skill level 5 in Stealth
   643 | D:4      | Noticed an ice beast
   650 | D:4      | Slain by an ice beast

Vault maps used:
D:1:      onia_arrival_pyramid, serial_glass, glass_columns_a, glass_columns_c
D:4:      kennysheep_little_box, first_bread, kennysheep_cluttered_room,
          nicolae_tso_besieged_by_evil, uniq_edmund

Skill      XL: |  1  2 |
---------------+-------+-----
Stealth        | 5 |  5.1
Short Blades   | |  1.1
Dodging        | |  2.4
Spellcasting   | |  2.0
Hexes          | |  4.8
Ice Magic      | |  0.8

Action                   || total
-------------------------++-------
Melee: Dagger            ||    23
       Short sword       ||    12
       Bite              ||     4
Throw: Stone             ||     1
 Cast: Ensorcelled Hiber ||     5
       Corona            ||     2
  Use: Potion            ||     4
 Stab: Sleeping          ||     8
  Eat: Corpse            ||     3
Armor: Robe              ||     8
Dodge: Dodged            ||    25
